Map: Frost LE

Players

Fropez - Winner!

  • Race: Protoss Protoss
  • League: Silver
  • Spawn Location: 11:00

Machiavelli

  • Race: Terran Terran
  • League: Silver
  • Spawn Location: 7:00

VOD

Have the link to the VOD?

Description

Time

  • Played on: June 2, 2016, 10:51 a.m.
  • Length: 18:40
Show
View Real Time Build Order
Export as new Build Order

Fropez Protoss - Winner!

Build Orders:  

Get SALT Encoding   

  12  0:01  Probe (Chrono Boost)  
  13  0:16  Pylon  
  13  0:18  Probe (Chrono Boost)  
  15  0:28  Probe (Chrono Boost)  
  15  0:35  Gateway  
  15  0:39  Probe (Chrono Boost)  
  16  0:47  Assimilator  
  17  0:50  Probe (Chrono Boost)  
  17  1:00  Probe (Chrono Boost)  
  18  1:11  Probe (Chrono Boost)  
  19  1:15  Pylon  
  19  1:16  Pylon  
  19  1:21  Probe (Chrono Boost)  
  19  1:24  Zealot  
  22  1:36  Cybernetics Core  
  22  1:39  Probe (Chrono Boost)  
  23  1:50  Probe (Chrono Boost)  
  23  1:53  Assimilator  
  23  1:59  Pylon  
  23  2:00  Probe (Chrono Boost)  
  24  2:13  Warp Gate (Chrono Boost), Mothership Core (Chrono Boost)  
  26  2:21  Stalker  
  28  2:51  Stalker  
  28  2:52  Gateway  
  28  2:53  Probe  
  28  2:55  Gateway  
  31  3:05  Probe  
  32  3:15  Pylon  
  32  3:17  Probe  
  31  3:40  Stalker  
  33  3:42  Stalker  
  33  3:43  Stalker  
  35  3:55  Nexus  
  35  3:56  Probe (Chrono Boost)  
  36  4:05  Forge  
  36  4:07  Probe (Chrono Boost)  
  37  4:22  Probe (Chrono Boost)  
  38  4:33  Probe (Chrono Boost)  
  39  4:43  Probe (Chrono Boost)  
  39  4:45  Protoss Ground Weapons Level 1 (Chrono Boost)  
  40  4:48  Stalker x2  
  40  4:49  Stalker  
  46  5:11  Pylon  
  46  5:15  Pylon  
  46  5:31  Robotics Facility  
  34  6:00  Stalker x3  
  38  6:12  Probe  
  38  6:13  Probe  
  40  6:22  Mothership Core  
  40  6:25  Probe  
  41  6:26  Observer  
  41  6:32  Assimilator  
  42  6:34  Assimilator  
  42  6:38  Gateway  
  42  6:39  Gateway  
  40  6:40  Probe  
  40  6:44  Stalker x3  
  47  6:50  Probe  
  48  6:56  Photon Cannon  
  48  6:59  Protoss Ground Armor Level 1 (Chrono Boost)  
  48  7:01  Pylon  
  48  7:02  Warp Prism  
  50  7:10  Probe  
  50  7:11  Probe, Forge  
  52  7:28  Probe  
  52  7:29  Probe  
  54  7:43  Stalker x2  
  54  7:44  Probe, Stalker  
  60  7:45  Probe  
  62  8:00  Probe  
  62  8:01  Probe  
  64  8:10  Pylon, Gateway  
  64  8:20  Protoss Shields Level 1 (Chrono Boost)  
  64  8:28  Twilight Council  
  64  8:37  Zealot x5  
  74  9:01  Stalker x2  
  74  9:02  Stalker x3  
  70  9:33  Protoss Ground Weapons Level 2 (Chrono Boost)  
  62  9:50  Blink (Chrono Boost)  
  62  9:52  Immortal  
  66  9:54  Probe  
  65  10:09  Nexus, Probe x2  
  65  10:12  Protoss Ground Armor Level 2, Assimilator  
  63  10:14  Assimilator  
  63  10:17  Pylon  
  63  10:19  Pylon  
  61  10:24  Stalker x5  
  71  10:34  Probe x2  
  73  10:38  Gateway  
  73  10:40  Pylon  
  73  10:42  Pylon  
  73  10:58  Zealot  
  75  11:07  Probe x2  
  77  11:13  Stalker  
  77  11:14  Stalker x4  
  87  11:26  Protoss Ground Weapons Level 3  
  87  11:27  Stalker  
  87  11:31  Probe x2  
  91  11:50  Stalker x2  
  91  11:51  Stalker x4  
  91  12:54  Stalker x4  
  91  12:55  Probe, Stalker x3  
  91  12:56  Probe  
  91  12:57  Probe  
  108  13:10  Dark Shrine  
  108  13:12  Gateway  
  108  13:19  Gateway  
  108  13:32  Nexus  
  108  13:36  Probe, Assimilator  
  108  13:37  Probe  
  108  13:41  Assimilator  
  110  13:44  Pylon  
  110  13:48  Pylon  
  108  14:08  Stalker x5  
  108  14:09  Stalker x2  
  110  14:33  Probe  
  101  14:48  Stalker x3  
  101  14:49  Stalker x4  
  113  14:59  Gateway  
  93  15:40  Dark Templar x2  
  93  15:41  Dark Templar x7  
  107  15:46  Probe, Protoss Ground Armor Level 3 (Chrono Boost)  
  107  15:47  Probe  
  107  15:48  Probe x2  
  109  16:04  Protoss Shields Level 2 (Chrono Boost)  
  109  16:19  Observer  
  109  16:22  Archon  
  109  16:23  Archon x3  
  110  16:34  Zealot x7  
  110  16:35  Zealot x3  
  130  16:40  Observer  
  131  16:52  Gateway  
  131  16:54  Gateway  
  131  16:55  Pylon  
  131  16:58  Probe  
  132  17:01  Observer  
  132  17:08  Stalker x6  
  141  17:09  Stalker x4  
  148  17:23  Observer  
  117  17:44  Observer  
  111  17:53  Stalker x4  
  111  17:54  Stalker x4  
  111  17:55  Stalker x2  
Show
View Real Time Build Order
Export as new Build Order

Machiavelli Terran 

Build Orders:  

Get SALT Encoding   

  12  0:04  SCV  
  13  0:16  SCV  
  14  0:23  Supply Depot  
  14  0:28  SCV  
  15  0:45  SCV  
  15  0:48  Barracks  
  17  0:57  SCV  
  17  1:08  Supply Depot  
  17  1:09  SCV  
  18  1:23  Refinery  
  18  1:41  Marine  
  18  1:43  Orbital Command  
  19  1:58  Command Center  
  19  2:11  Engineering Bay  
  19  2:13  Bunker  
  19  2:14  Marine  
  20  2:17  SCV  
  21  2:30  Barracks  
  21  2:32  Marine  
  21  2:47  Missile Turret  
  21  2:52  Barracks  
  21  2:57  Refinery  
  21  2:58  SCV  
  22  3:07  Missile Turret  
  22  3:10  SCV  
  23  3:14  Barracks Tech Lab  
  23  3:19  Marine  
  23  3:35  Marauder  
  23  3:37  Marine  
  24  3:48  SCV  
  24  3:55  Marine  
  26  3:58  Factory  
  26  4:00  SCV  
  27  4:12  SCV, Refinery  
  28  4:24  Marauder  
  30  4:25  Marine x2, SCV  
  30  4:30  SCV  
  34  4:37  SCV  
  35  4:42  Concussive Shells, SCV  
  35  4:43  Marine x2  
  35  4:45  Factory Tech Lab  
  38  4:49  SCV  
  38  4:51  Starport  
  39  4:56  Missile Turret  
  39  5:01  SCV  
  39  5:03  Barracks Reactor  
  39  5:05  Barracks Tech Lab  
  40  5:09  Siege Tank  
  40  5:11  Marauder  
  40  5:13  SCV  
  46  5:17  Starport  
  46  5:32  Missile Turret  
  38  5:52  Marauder  
  38  5:54  Marine x2  
  38  5:55  Marine  
  38  6:24  Supply Depot  
  38  6:41  Supply Depot  
  38  6:48  Supply Depot  
  38  6:49  Supply Depot  
  38  6:52  Supply Depot  
  38  7:02  Marine x2, SCV, Terran Infantry Weapons Level 1, Medivac, Siege Tank  
  46  7:09  Marine  
  46  7:10  Supply Depot, Marauder, Medivac  
  46  7:13  Missile Turret  
  46  7:14  SCV  
  52  7:20  Marine x2  
  52  7:21  SCV  
  55  7:26  SCV  
  55  7:27  Marine  
  57  7:32  Stimpack, Medivac  
  57  7:33  SCV  
  57  7:34  Siege Tank  
  63  7:39  SCV  
  64  7:45  SCV  
  64  7:51  SCV  
  66  7:53  Bunker  
  66  8:03  SCV  
  67  8:06  Siege Tank  
  67  8:11  Refinery  
  70  8:15  SCV  
  71  8:26  Bunker  
  71  8:27  SCV  
  72  8:39  SCV  
  72  8:40  Command Center  
  73  8:44  Missile Turret  
  73  8:45  Marine  
  73  8:46  Marine x3  
  77  8:57  Planetary Fortress, Bunker  
  77  9:03  Marine  
  77  9:04  Marine  
  77  9:05  Missile Turret  
  77  9:09  Marine  
  78  9:10  Marine  
  71  9:21  Marine x2  
  71  9:22  SCV  
  69  9:27  Marine, Missile Turret  
  69  9:28  Marine  
  66  9:34  SCV  
  60  9:39  Marine x2  
  60  9:44  Marine  
  63  9:46  Marine, SCV  
  65  9:57  Orbital Command  
  65  9:58  SCV  
  63  10:11  SCV, Missile Turret  
  64  10:23  SCV  
  64  10:26  Starport Reactor  
  64  10:27  Starport Tech Lab  
  65  10:32  Marine x4  
  65  10:35  SCV  
  70  10:37  SCV  
  71  10:47  SCV  
  71  10:49  SCV  
  73  10:50  Marine x4  
  77  10:57  Bunker  
  77  10:58  Siege Tank  
  80  11:08  Marine x4  
  83  11:12  Barracks  
  83  11:15  SCV  
  83  11:25  Marine  
  83  11:26  Marine x3  
  83  11:27  SCV  
  88  11:33  Supply Depot  
  88  11:37  Supply Depot  
  88  11:38  Bunker  
  88  11:39  SCV, Supply Depot  
  88  11:44  Marine x2  
  88  11:46  Bunker  
  90  12:14  Bunker  
  75  13:07  Factory Tech Lab  
  75  13:16  Starport Tech Lab  
  75  13:19  Starport Tech Lab  
  75  13:25  Supply Depot  
  75  13:27  Supply Depot  
  75  13:31  Engineering Bay  
  75  13:44  Supply Depot  
  75  13:46  Marine x3  
  75  13:48  Supply Depot x3  
  76  13:52  Bunker  
  76  13:54  Bunker  
  69  14:04  Marine x3  
  68  14:18  Siege Tank  
  68  14:22  Marine x3  
  69  14:40  Marine x3  
  71  14:51  Siege Tank  
  71  14:53  Banshee x2  
  71  14:57  Marine x3  
  60  15:35  Orbital Command  
  51  15:36  Banshee  
  51  15:52  Medivac  
  53  16:02  Refinery  
  53  16:04  Refinery  
  53  16:07  Engineering Bay  
  53  16:22  Medivac  
  53  16:24  Cloaking Field  
  55  16:27  Banshee  
  55  16:31  SCV  
  55  16:32  SCV  
  60  16:43  SCV  
  60  16:44  SCV  
  62  16:49  Refinery  
  65  16:55  SCV  
  65  16:57  SCV  
  67  17:07  SCV  
  68  17:09  Marine, SCV  
  70  17:18  Marine  
  70  17:19  SCV  
  70  17:20  Banshee  
  70  17:21  SCV  
  65  17:33  SCV  
  65  17:34  Marine  
  65  17:35  Marine  
  65  17:36  Marine  
  53  17:45  SCV  
  48  17:52  Marine x2  
  48  17:53  Marine  
  40  18:10  Marine  
  40  18:24  Bunker  
  40  18:26  Bunker  
Tags
 
Matchup
PvT
Replay Pack
All Mines
Spawn Locations
Close Positions
Add a new tag
Caveats
  • Supply blocks, unpowered buildings, or Contaminate may cause inaccurate times.
  • Supply counts are checked every 10 seconds.